 Dungeon Crawl Stone Soup version 0.28.0-47-ge53b351184 (webtiles) character file.

Game seed: 8621796019950842652

1302 Peloso the Carver (level 8, -1/100 (105) HPs)
             Began as a Minotaur Fighter on Apr 30, 2022.
             Was a Believer of Okawaru.
             Slain by a wight
             ... wielding a +1 halberd
              (3 damage)
             ... on level 6 of the Dungeon.
             The game lasted 00:09:21 (5297 turns).

Peloso the Carver (Minotaur Fighter)                Turns: 5297, Time: 00:09:22

HP:   -1/100 (105)  AC: 13    Str: 20    XL:     8   Next: 31%
MP:   7/7           EV:  8    Int:  5    God:    Okawaru [**....]
Gold: 193           SH:  5    Dex: 13    Spells: 7/7 levels left

rFire   . . .      SeeInvis +   a - +0 long sword
rCold   . . .      Faith    .   c - +0 buckler
rNeg    . . .      Spirit   .   l - +2 chain mail {rPois}
rPois   +          Reflect  .   (helmet restricted)
rElec   .          Harm     .   e - +0 cloak
rCorr   +          Rampage  .   (no gloves)
Will    .....                   (no boots)
Stlth   ..........              (no amulet)
HPRegen 0.26/turn               j - ring of see invisible
MPRegen 0.10/turn               i - ring of resist corrosion

@: berserking (expiring), lightly drained, very quick
A: horns 2, retaliatory headbutt
a: Renounce Religion, Heroism


You were on level 6 of the Dungeon.
You worshipped Okawaru.
Okawaru was pleased with you.
You visited 2 branches of the dungeon, and saw 7 of its levels.

You collected 193 gold pieces.

Inventory:

Hand Weapons
 a - a +0 long sword (weapon)
Armour
 b - a +0 scale mail
 c - a +0 buckler (worn)
 e - a +0 cloak (worn)
 l - a +2 chain mail of poison resistance (worn)
Jewellery
 h - a ring of poison resistance
 i - a ring of resist corrosion (right hand)
 j - a ring of see invisible (left hand)
 p - a ring of resist corrosion
Scrolls
 f - 3 scrolls of teleportation
 g - 2 scrolls of noise
 k - 2 scrolls of fog
 o - a scroll of identify
 q - 2 scrolls of amnesia {unknown}
Potions
 d - a potion of might
 m - a potion of degeneration {unknown}
 n - a potion of berserk rage


   Skills:
 + Level 6.2 Fighting
 + Level 8.6 Long Blades
 + Level 6.4 Armour
 + Level 1.9 Dodging
 + Level 0.1 Stealth
 + Level 5.5 Shields


You had 7 spell levels left.
You didn't know any spells.
Your spell library was empty.

Dungeon Overview and Level Annotations

Branches:
Dungeon (6/15)             Temple (1/1) D:4

Altars:
Fedhas
Kikubaaqudgha
Makhleb
Nemelex Xobeh
Okawaru
Trog
Vehumet
Wu Jian
Yredelemnul
Zin

Shops:
D:1 (   D:5 ?


Innate Abilities, Weirdness & Mutations

You have a pair of horns on your head.
You reflexively headbutt those who attack you in melee.


Message History

You barely miss the wight. The wight barely misses you.
The wight hits you but does no damage.
You hit the wight but do no damage. The wight hits you with a +5 mace!
* * * LOW HITPOINT WARNING * * *
You feel drained.
* * * LOW HITPOINT WARNING * * *
You block the wight's attack.
You hit the wight.
The wight is moderately damaged.
The wight hits you with a +5 mace.
* * * LOW HITPOINT WARNING * * *
The wight hits you from afar with a +0 spear.
* * * LOW HITPOINT WARNING * * *
You feel drained.
It was a potion of berserk rage.
A red film seems to cover your vision as you go berserk!
You feel yourself moving faster!
You feel mighty! The wight hits you but does no damage.
The wight hits you from afar with a +0 spear!
* * * LOW HITPOINT WARNING * * *
You feel drained.
* * * LOW HITPOINT WARNING * * *
You slash the wight!
You destroy the wight!
Okawaru accepts your kill. The wight closely misses you.
You furiously retaliate!
You headbutt the wight.
Items here: ))) [[[.
You slash the wight!
The wight is severely damaged.
The wight closely misses you. The wight hits you but does no damage.
You slash the wight!
You destroy the wight!
Okawaru accepts your kill. The wight barely misses you.
Things that are here:
a +0 spear; a +0 robe You hit the wight.
Your headbutt misses the wight.
The wight is moderately damaged.
The wight hits you with a +1 halberd.
You die...

.............
#.....#.#.##
#..........#
#....!#..##.
#...<........
#....##...#..
#...## ..##
#z.## .# #@##
.. #)# #. #.#
#. #.# #.#
#.. ###


You could see a wight.

Vanquished Creatures
  A wyvern (D:5)
  2 ogres (D:5)
  A necrophage (D:5)
  A phantom (D:5)
  2 scorpions
  4 wights (D:6)
  2 howler monkeys
  A hound (D:5)
  An orc priest (D:5)
  2 iguanas (D:4)
  Terence (D:2)
  A scorpion zombie (D:5)
  An orc wizard (D:3)
  2 hound zombies (D:5)
  3 hound skeletons
  9 adders
  2 ufetubi (D:5)
  2 dart slugs
  13 orcs
  9 ball pythons
  5 bats
  12 endoplasms
  A giant cockroach (D:2)
  6 goblins
  8 hobgoblins
  5 jackals
  7 kobolds
  4 quokkas
  5 frilled lizards
  6 rats
119 creatures vanquished.

Vanquished Creatures (others)
  A fungus (D:3)
  4 plants (D:3)
5 creatures vanquished.

Grand Total: 124 creatures vanquished

Notes
Turn   | Place    | Note
-------+----------+-------------------------------------------
     0 | D:1      | Peloso the Minotaur Fighter began the quest for the Orb.
     0 | D:1      | Reached XP level 1. HP: 19/19 MP: 0/0
    44 | D:1      | Reached XP level 2. HP: 9/24 MP: 1/1
   407 | D:1      | Found Qatoc's Weapon Emporium.
   881 | D:2      | Reached XP level 3. HP: 31/31 MP: 2/2
   888 | D:2      | Noticed Terence
   911 | D:2      | Killed Terence
   912 | D:2      | Reached skill level 3 in Long Blades
  1053 | D:2      | Reached XP level 4. HP: 40/40 MP: 3/3
  1528 | D:2      | Reached skill level 4 in Long Blades
  1854 | D:3      | Noticed a scorpion
  1871 | D:3      | Killed a scorpion
  1872 | D:3      | Reached XP level 5. HP: 41/47 MP: 4/4
  1995 | D:3      | Reached skill level 1 in Dodging
  2201 | D:3      | Reached skill level 5 in Long Blades
  2201 | D:3      | Reached XP level 6. HP: 47/53 MP: 5/5
  2332 | D:3      | Found a bloodstained altar of Trog.
  2337 | D:3      | Found a glowing silver altar of Zin.
  2337 | D:3      | Found an ancient bone altar of Kikubaaqudgha.
  2447 | D:3      | Reached skill level 5 in Armour
  2562 | D:3      | Found a faded altar of an unknown god.
  3104 | D:4      | Reached skill level 6 in Long Blades
  3254 | D:4      | Found a radiant altar of Vehumet.
  3268 | D:4      | Found a staircase to the Ecumenical Temple.
  3287 | Temple   | Entered the Ecumenical Temple
  3416 | Temple   | Became a worshipper of Warmaster Okawaru
  3592 | D:4      | Found a sparkling altar of Nemelex Xobeh.
  3699 | D:5      | Entered Level 5 of the Dungeon
  3790 | D:5      | Found Weizxati's Magic Scroll Shop.
  3905 | D:5      | Reached XP level 7. HP: 60/60 MP: 6/6
  4002 | D:5      | Reached skill level 7 in Long Blades
  4011 | D:5      | Reached skill level 5 in Fighting
  4239 | D:5      | Noticed a wyvern
  4251 | D:5      | Killed a wyvern
  4251 | D:5      | Reached * piety under Okawaru
  4556 | D:5      | Reached skill level 8 in Long Blades
  4556 | D:5      | Reached XP level 8. HP: 47/70 MP: 7/7
  4726 | D:5      | Reached ** piety under Okawaru
  4727 | D:5      | Reached skill level 5 in Shields
  5291 | D:6      | HP: 2/97 [wight/+0 spear (8)]
  5297 | D:6      | Slain by a wight

Illustrated notes

Levels and vault maps discovered:
D:1:      minmay_arrival_cross, layout_loops_ring, serial_shops, shop,
          dk_noncrumbling_3
D:2:      layout_loops_ring, grunt_ministairs_6, uniq_terence
D:3:      layout_loops_ring, grunt_temple_overflow_open,
          shapermc_ecumenical_altar_mp_urbaneastern, minmay_crystal_water,
          st_stairs_10
D:4:      layout_cave_pools, lemuel_tele_altar, kennysheep_mini, temple_statues,
          serial_column_ruins, column_ruins_open_small_water,
          column_ruins_open_tiny, column_ruins_grid_1, kennysheep_path_1,
          minmay_stone_trees_medium
D:5:      layout_loops_corners, serial_shops, nicolae_inconvenience_store,
          supply_closet_lemuel, kennysheep_small_square
D:6:      layout_loops_ring, lemuel_coloured_pillars_altar,
          gammafunk_ghost_abyssal_escape, portal_sewer_entry_d, uniq_eustachio
Temple:   minmay_temple_forest_path

Skill      XL: |  1  2  3  4  5  6  7  8 |
---------------+-------------------------+-----
Fighting       | 4 6 |  6.2
Shields        | 4 5 |  5.5
Armour         | 4 5 6 |  6.4
Long Blades    | 3 4 5 6 8 |  8.6
Dodging        | 1 |  1.9
Stealth        | |  0.1

Action                   |  1- 3 |  4- 6 |  7- 9 || total
-------------------------+-------+-------+-------++-------
Melee: Long sword        |    75 |   183 |    80 ||   338
       Headbutt          |    11 |    19 |    14 ||    44
  Use: Scroll            |       |     9 |       ||     9
       Potion            |       |     2 |     1 ||     3
Armor: Scale mail        |    41 |       |       ||    41
       Chain mail        |     4 |   144 |    39 ||   187
Dodge: Dodged            |    37 |    70 |    33 ||   140
Block: Buckler           |    12 |    42 |    16 ||    70
